Map: Port Aleksander LE

Players

goblin

  • Race: Protoss Protoss
  • Spawn Location: 5:00

Zanster - Winner!

  • Race: Zerg Zerg
  • Spawn Location: 11:00

Event: 2019 WCS Spring

VOD

Have the link to the VOD?

Description

Time

  • Played on: May 17, 2019, 9:49 a.m.
  • Length: 11:55

All games in this series

Show
View Real Time Build Order
Export as new Build Order

goblin Protoss 

Build Orders: 1 Gate Expand, Chargelot Immortal 

Get SALT Encoding   

  12  0:00  Probe  
  13  0:12  Probe  
  14  0:18  Pylon  
  14  0:23  Probe  
  15  0:32  Probe  
  15  0:40  Probe, Gateway  
  16  0:47  Assimilator  
  17  0:51  Probe  
  18  1:03  Probe  
  20  1:22  Nexus  
  20  1:24  Probe  
  20  1:35  Cybernetics Core  
  20  1:37  Probe  
  21  1:48  Assimilator  
  21  1:49  Probe  
  21  1:53  Pylon  
  22  2:00  Probe  
  22  2:01  Stalker  
  22  2:08  Probe  
  26  2:16  Probe  
  26  2:22  Robotics Facility  
  27  2:28  Probe  
  28  2:31  Warp Gate, Probe  
  28  2:36  Adept  
  31  2:40  Probe x2  
  33  2:50  Probe  
  33  2:52  Probe  
  35  3:01  Immortal  
  35  3:02  Probe  
  36  3:08  Twilight Council  
  41  3:25  Gateway  
  41  3:31  Warp Prism  
  41  3:34  Charge  
  41  3:39  Gateway  
  43  3:54  Gateway  
  43  3:55  Gateway  
  43  3:56  Gateway  
  43  4:01  Immortal  
  43  4:13  Gateway  
  43  4:14  Gateway  
  46  4:21  Pylon  
  46  4:24  Pylon  
  46  4:39  Pylon  
  46  4:43  Zealot x2  
  46  4:44  Zealot  
  52  4:50  Pylon  
  52  5:07  Zealot x2  
  52  5:08  Zealot x5  
  60  5:16  Pylon  
  52  5:32  Zealot x5  
  52  5:33  Zealot x3  
  58  5:53  Zealot x3  
  58  5:54  Zealot x3  
  58  5:56  Zealot  
  72  5:59  Zealot  
  74  6:10  Gateway  
  70  6:21  Adept, Pylon  
  58  6:31  Zealot  
  58  6:32  Zealot x2  
  46  6:42  Zealot  
  46  6:43  Zealot  
  49  6:48  Zealot  
  49  6:49  Zealot  
  53  7:01  Pylon  
  53  7:03  Pylon  
  53  7:19  Zealot  
  53  7:20  Zealot x7  
  69  7:24  Probe x2  
  71  7:32  Probe x2  
  65  7:46  Zealot x4  
  69  7:53  Immortal  
  55  8:06  Probe x2  
  59  8:20  Immortal, Probe x2, Assimilator  
  59  8:25  Assimilator  
  55  8:32  Probe  
  60  8:48  Cybernetics Core  
  64  9:10  Immortal  
  64  9:19  Dark Shrine  
  64  9:21  Gateway  
  64  9:23  Gateway  
  64  9:24  Stalker  
  64  9:25  Stalker  
  68  9:37  Immortal  
  68  9:49  Sentry x4, Pylon  
  68  9:51  Pylon  
  80  9:59  Sentry  
  82  10:00  Zealot x2  
  82  10:04  Nexus, Pylon x2  
  86  10:15  Zealot  
  88  10:26  Sentry x2  
  88  10:27  Sentry  
  94  10:31  Zealot x2  
  94  10:32  Stalker  
  100  10:44  Zealot x3  
  100  10:46  Pylon x2  
  106  10:56  Dark Templar  
  108  11:00  Dark Templar  
  110  11:07  Dark Templar  
  110  11:09  Zealot  
  110  11:14  Immortal  
  88  11:27  Zealot x2  
Show
View Real Time Build Order
Export as new Build Order

Zanster Zerg - Winner!

Build Orders: Hatch First 

Get SALT Encoding   

  12  0:00  Drone  
  13  0:13  Overlord  
  13  0:18  Drone  
  14  0:31  Drone x2  
  16  0:49  Hatchery  
  15  0:52  Drone  
  15  0:56  Drone  
  17  0:59  Drone  
  18  1:11  Extractor  
  18  1:15  Spawning Pool  
  17  1:18  Drone  
  17  1:21  Drone  
  18  1:29  Drone  
  19  1:39  Drone  
  20  1:50  Drone  
  21  2:02  Overlord  
  21  2:03  Queen  
  21  2:04  Queen  
  21  2:05  Zergling x2  
  26  2:12  Metabolic Boost  
  27  2:15  Zergling x2  
  27  2:16  Drone  
  27  2:22  Drone  
  29  2:23  Drone  
  30  2:34  Drone  
  30  2:35  Drone  
  32  2:45  Hatchery  
  32  2:47  Drone  
  32  2:51  Queen  
  32  2:55  Overlord  
  34  3:00  Drone  
  34  3:01  Drone  
  34  3:05  Overlord  
  36  3:14  Zergling x4  
  36  3:16  Drone x3  
  36  3:18  Drone  
  42  3:21  Drone  
  42  3:24  Drone  
  44  3:27  Drone  
  44  3:33  Drone  
  46  3:34  Drone  
  46  3:37  Lair  
  46  3:39  Overlord  
  47  3:43  Drone  
  47  3:47  Extractor  
  47  3:49  Extractor, Drone  
  47  3:50  Drone x3  
  47  3:52  Drone  
  51  3:59  Drone  
  51  4:00  Roach Warren  
  51  4:03  Zergling x6  
  51  4:09  Overlord  
  54  4:11  Zergling x4  
  56  4:17  Zergling x8  
  56  4:19  Zergling x2  
  56  4:21  Zergling x2  
  62  4:26  Overlord  
  62  4:34  Overlord  
  62  4:42  Roach x3  
  62  4:43  Roach x3  
  62  4:45  Overseer  
  74  4:46  Roach  
  74  4:51  Roach  
  74  4:52  Overlord  
  78  4:57  Zergling x6  
  81  5:03  Overseer  
  81  5:04  Ravager x2  
  81  5:05  Zergling x2  
  81  5:06  Zergling x4  
  84  5:09  Zergling x2  
  84  5:10  Zergling x4  
  85  5:15  Zergling x2  
  85  5:16  Zergling x6  
  85  5:18  Ravager  
  82  5:28  Zergling x2  
  82  5:29  Zergling x6  
  82  5:34  Overlord  
  83  5:35  Zergling x2  
  83  5:36  Zergling x2  
  83  5:38  Ravager  
  83  5:39  Ravager  
  86  5:43  Overlord, Drone x3  
  86  5:47  Zergling x10  
  95  5:50  Ravager  
  95  5:53  Ravager  
  96  5:57  Zergling x10  
  96  6:03  Overlord  
  101  6:17  Roach x7  
  95  6:27  Roach x4, Zergling x2  
  95  6:36  Roach, Zergling x4  
  88  6:48  Drone x3  
  88  6:49  Drone  
  88  6:52  Glial Reconstitution  
  88  6:56  Zergling x8  
  88  7:00  Zergling x6  
  95  7:03  Zergling x2  
  96  7:08  Zergling x2  
  96  7:10  Queen  
  96  7:14  Zergling x6  
  101  7:20  Queen  
  101  7:21  Ravager x2  
  105  7:23  Zergling x2  
  105  7:24  Zergling x2  
  105  7:29  Roach  
  108  7:43  Roach  
  108  7:44  Roach x3, Zergling x2  
  115  7:53  Roach  
  115  7:54  Roach, Zergling x2  
  115  8:02  Spawning Pool  
  115  8:04  Roach x3  
  117  8:17  Hatchery  
  115  8:21  Overlord  
  115  8:22  Overlord x2  
  115  8:23  Overlord  
  113  8:40  Drone x5  
  110  8:47  Spire  
  109  8:49  Extractor  
  109  8:53  Hatchery  
  107  8:58  Roach x3  
  113  9:04  Queen  
  113  9:06  Drone x4  
  119  9:12  Extractor  
  116  9:17  Roach  
  116  9:21  Roach  
  118  9:26  Roach x2  
  122  9:32  Zergling x14  
  129  9:44  Roach x3  
  135  9:49  Baneling Nest  
  135  9:50  Roach  
  137  9:58  Overlord x2  
  137  9:59  Overlord  
  137  10:10  Evolution Chamber  
  137  10:12  Roach x6  
  148  10:18  Drone  
  148  10:19  Drone x3  
  148  10:20  Drone  
  152  10:22  Drone  
  152  10:24  Drone  
  152  10:26  Drone  
  155  10:33  Drone x3  
  158  10:37  Ravager x4  
  158  10:38  Ravager x3  
  165  10:46  Roach x3  
  165  10:47  Roach, Zergling x2  
  174  10:50  Roach  
  176  10:58  Overlord x2  
  176  11:03  Overlord  
  175  11:16  Roach x8, Zergling x2  
  173  11:21  Overseer  
  159  11:27  Overseer  
  142  11:34  Drone x5  
  142  11:35  Drone x2  
Tags
 
Add a new tag
Caveats
  • Supply blocks, unpowered buildings, or Contaminate may cause inaccurate times.
  • Supply counts are checked every 10 seconds.